 Dungeon Crawl Stone Soup version 0.22.3-3-g34f245f157 (webtiles) character file.

27 Kangaroobicon the Digger (level 3, 0/19 HPs)
             Began as a Gargoyle Earth Elementalist on Aug 7, 2021.
             Slain by a hobgoblin
             ... wielding a +0 club
             ... led by Robin
              (3 damage)
             ... on level 2 of the Dungeon.
             The game lasted 00:17:03 (890 turns).

Kangaroobicon the Digger (GrEE)                      Turns: 890, Time: 00:17:04

Health: 0/19       AC: 12    Str: 11    XL:     3   Next: 10%
Magic:  1/6        EV: 12    Int: 15    God:
Gold:   50         SH:  0    Dex: 11    Spells: 5/6 levels left

rFire    . . .     SeeInvis .   a - +1 mace (protect)
rCold    . . .     Gourm    .   (no shield)
rNeg     + . .     Faith    .   c - +0 robe
rPois    ∞         Spirit   .   (no helmet)
rElec    +         Reflect  .   (no cloak)
rCorr    .         Harm     .   (no gloves)
MR       .....                  (no boots)
Stlth    ++........             (no amulet)
HPRegen  0.06/turn              (no ring)
MPRegen  0.10/turn              (no ring)

@: protection aura, slowed, very slow
A: negative energy resistance 1, electricity resistance, unbreathing,
petrification resistance, rot immunity, AC +3
a: no special abilities


You were on level 2 of the Dungeon.
You were not hungry.

You visited 1 branch of the dungeon, and saw 2 of its levels.

You collected 50 gold pieces.

Inventory:

Hand Weapons
 a - a +1 mace of protection (weapon)
 e - a +0 hand axe
 j - a +2 mace of crushing
 n - a +0 short sword
 o - a +0 club
 p - a +0 mace
Missiles
 b - 41 stones (quivered)
Armour
 c - a +0 robe (worn)
 s - a +0 scale mail
Scrolls
 f - 2 scrolls of remove curse {unknown}
 g - 2 scrolls of enchant weapon {unknown}
 k - a scroll of enchant armour {unknown}
 q - a scroll of teleportation {unknown}
Potions
 h - 3 potions of heal wounds {unknown}
 i - a potion of cancellation {unknown}
 l - a potion of brilliance {unknown}
 m - a potion of curing
 r - a potion of invisibility {unknown}
Comestibles
 d - 4 rations


   Skills:
 + Level 1.0 Maces & Flails
 + Level 1.7 Dodging
 + Level 2.4 Stealth
 + Level 2.0 Spellcasting
   Level 0.7 Transmutations
 + Level 4.3 Earth Magic


You had 5 spell levels left.
You knew the following spells:

 Your Spells              Type           Power        Failure   Level  Hunger
a - Sandblast             Erth           ##....       3%          1    #......

Your spell library contained the following spells:

 Spells                   Type           Power        Failure   Level  Hunger
 Passwall                 Tmut/Erth      #.......     12%         2    ###....
 Stone Arrow              Conj/Erth      #.....       26%         3    ###....
 Petrify                  Tmut/Erth      #.......     61%         4    #####..
 Lee's Rapid Deconstruct  Erth           ##........   71%         5    ######.


Dungeon Overview and Level Annotations

Branches:
Dungeon (2/15)

Altars:

Annotations:
D:2 Natasha, Robin


Innate Abilities, Weirdness & Mutations

You are resistant to torment.
Your stone body is resilient. (AC +3)
You are immune to poison.
You resist negative energy. (rN+)
You are resistant to electric shocks. (rElec)
You can survive without breathing.
You are immune to petrification.
You are immune to rotting.


Message History

Robin throws the goblin at you! The goblin completely misses you.
A goblin comes into view. It is wielding a dagger.
The crimson imp blinks!
You sock the goblin!
Your weapon exudes an aura of protection.
You kill the goblin!
The goblin no longer looks unusually strong. x2
The hobgoblin closely misses you.
A goblin comes into view. It is wielding a club.
Robin roars a battlecry!
The goblins go into a battle-frenzy!
The goblin barely misses you.
Natasha mumbles some strange words.
The hobgoblin closely misses you. Robin throws the goblin at you!
You barely miss the goblin.
The goblin no longer looks unusually strong.
The goblin hits you but does no damage. The goblin hits you with a dagger.
* * * LOW HITPOINT WARNING * * *
The hobgoblin hits you with a club.
You die...

#.####........#
#.##.....<#...#
#.##.#....#####
#.............########
####......##.........#
#####....##.........#
...#.##.##.........#
###.###.#g#..##.........#
.........@gh.###.########
..#.###.##gg.5...).#
#...#gg#.#....# #...#..#
.....# #......# #....#
#....g.# #....# ###.##)g#
###### #...#.....g.gg
#.#.#.[#...ggg


You could see an iron imp, Robin, Natasha, a hobgoblin and 6 goblins.

Vanquished Creatures
  2 giant cockroaches (D:1)
  5 goblins
  3 hobgoblins
  4 jackals (D:1)
  4 bats (D:1)
  A frilled lizard (D:1)
  4 rats (D:1)
23 creatures vanquished.

Notes
Turn   | Place    | Note
-------+----------+-------------------------------------------
     0 | D:1      | Kangaroobicon the Gargoyle Earth Elementalist began the
                  | quest for the Orb.
     0 | D:1      | Reached XP level 1. HP: 10/10 MP: 3/3
   129 | D:1      | Reached skill level 4 in Earth Magic
   135 | D:1      | Reached XP level 2. HP: 8/15 MP: 5/5
   877 | D:2      | Noticed Natasha
   878 | D:2      | Noticed Robin
   882 | D:2      | Reached XP level 3. HP: 15/19 MP: 2/6
   883 | D:2      | Reached skill level 1 in Maces & Flails
   890 | D:2      | Slain by a hobgoblin

Skill      XL: |  1  2  3 |
---------------+----------+-----
Earth Magic    | 4 |  4.3
Maces & Flails | 1 |  1.0
Dodging        | |  1.7
Stealth        | |  2.4
Spellcasting   | |  2.0
Transmutations | |  0.7

Action                   || total
-------------------------++-------
Melee: Mace              ||    68
Throw: Stone             ||     3
 Cast: Sandblast         ||     7
 Stab: Sleeping          ||     2
Armor: Robe              ||    32
Dodge: Dodged            ||    74
